Map: Glittering Ashes LE

Players

DeltaSquad - Winner!

  • Race: Protoss Protoss
  • League: Master
  • Spawn Location: 7:00

JackBauer

  • Race: Protoss Protoss
  • League: Diamond
  • Spawn Location: 1:00

VOD

Have the link to the VOD?

Description

Time

  • Played on: July 3, 2022, 3:11 a.m.
  • Length: 4:40
Show
View Real Time Build Order
Export as new Build Order

DeltaSquad Protoss - Winner!

Build Orders:  

Get SALT Encoding   

  12  0:02  Probe  
  13  0:14  Probe  
  13  0:19  Pylon  
  14  0:27  Probe (Chrono Boost)  
  15  0:39  Probe (Chrono Boost)  
  15  0:42  Gateway  
  16  0:44  Probe (Chrono Boost)  
  16  0:49  Assimilator  
  17  0:53  Probe  
  18  1:01  Pylon  
  18  1:05  Probe (Chrono Boost)  
  19  1:17  Probe (Chrono Boost), Assimilator  
  20  1:22  Probe (Chrono Boost)  
  21  1:31  Probe, Cybernetics Core  
  22  1:44  Probe  
  23  1:56  Pylon  
  23  1:58  Zealot (Chrono Boost)  
  25  2:09  Stargate  
  25  2:21  Zealot (Chrono Boost)  
  27  2:42  Zealot  
  27  2:47  Forge  
  27  2:57  Cybernetics Core  
  31  3:04  Void Ray  
  31  3:44  Photon Cannon  
  31  4:02  Pylon  
  29  4:12  Photon Cannon  
  29  4:23  Photon Cannon  
Show
View Real Time Build Order
Export as new Build Order

JackBauer Protoss 

Build Orders:  

Get SALT Encoding   

  12  0:00  Probe  
  13  0:12  Probe  
  14  0:20  Pylon  
  14  0:24  Probe (Chrono Boost)  
  15  0:38  Probe (Chrono Boost)  
  16  0:44  Forge  
  16  0:45  Probe  
  17  1:02  Pylon  
  17  1:05  Probe  
  18  1:11  Gateway  
  18  1:24  Photon Cannon  
  18  1:30  Photon Cannon  
  18  1:37  Probe  
  19  1:45  Pylon  
  19  1:51  Pylon  
  19  2:03  Pylon  
  19  2:09  Photon Cannon  
  19  2:15  Photon Cannon  
  19  2:29  Photon Cannon  
  19  2:45  Photon Cannon  
  19  2:59  Photon Cannon  
  19  3:03  Cybernetics Core  
  19  3:06  Pylon  
  19  3:10  Assimilator  
  19  3:12  Assimilator  
  19  3:19  Photon Cannon  
  19  3:21  Pylon  
  19  3:41  Photon Cannon  
  19  3:44  Photon Cannon  
  19  3:57  Photon Cannon  
  19  3:58  Photon Cannon  
  19  4:02  Pylon  
  19  4:05  Photon Cannon  
  19  4:10  Photon Cannon  
Tags
 
Add a new tag
Caveats
  • Supply blocks, unpowered buildings, or Contaminate may cause inaccurate times.
  • Supply counts are checked every 10 seconds.